 Dungeon Crawl Stone Soup version 0.27-a0-1066-g29160eaed2 (webtiles) character file.

Game seed: 10816199546426502620

1239 LordDeathwing the Caller (level 8, -1/45 HPs)
             Began as a Deep Elf Summoner on Apr 23, 2021.
             Was an Initiate of Qazlal.
             Killed by divine providence
             ... invoked by an orc priest
              (11 damage)
             ... on level 6 of the Dungeon.
             The game lasted 00:57:22 (9215 turns).

LordDeathwing the Caller (Deep Elf Summoner)        Turns: 9215, Time: 00:57:23

Health: -1/45      AC:  2    Str:  5    XL:     8   Next: 25%
Magic:  18/18      EV: 29    Int: 23    God:    Qazlal [......]
Gold:   331        SH:  0    Dex: 15    Spells: 3/17 levels left

rFire    . . .     SeeInvis .   r - +6 long sword of a Hundred Leylines {flame, rC+}
rCold    + . .     Faith    .   (no shield)
rNeg     . . .     Spirit   .   a - +0 robe
rPois    .         Reflect  .   (no helmet)
rElec    .         Harm     .   l - scarf {repulsion}
rCorr    .         Rampage  .   (no gloves)
Will     .....                  (no boots)
Stlth    +++.......             b - amulet of the acrobat
HPRegen  0.15/turn              (no ring)
MPRegen  0.16/turn              (no ring)

@: acrobatic, repel missiles
A: no striking features
a: Renounce Religion


You were on level 6 of the Dungeon.
You worshipped Qazlal.
Qazlal was noncommittal.
You visited 2 branches of the dungeon, and saw 7 of its levels.

You collected 331 gold pieces.

Inventory:

Hand Weapons
 r - the +6 long sword of a Hundred Leylines (weapon) {flame, rC+}
   (You found it on level 4 of the Dungeon)

   It has been specially enchanted to burn those struck by it, causing extra
   injury to most foes and up to half again as much damage against particularly
   susceptible opponents.
   Big, fiery blades are also staple armaments of hydra-hunters.
   It protects you from cold.
 t - a +3 quarterstaff of chaos
Missiles
 m - 18 poisoned darts
 G - a throwing net
Armour
 a - a +0 robe (worn)
 c - a +1 cloak
 l - a scarf of repulsion (worn)
Magical Staves
 H - a staff of conjuration
Jewellery
 b - an amulet of the acrobat (around neck)
Wands
 A - a wand of digging (6)
Scrolls
 e - a scroll of enchant weapon {unknown}
 f - a scroll of noise {unknown}
 g - 6 scrolls of identify {unknown}
 i - 2 scrolls of amnesia {unknown}
 k - 5 scrolls of teleportation {unknown}
 o - a scroll of summoning {unknown}
 v - a scroll of magic mapping {unknown}
 x - a scroll of holy word {unknown}
 y - 2 scrolls of fog {unknown}
 B - a scroll of blinking {unknown}
 C - a scroll of enchant armour {unknown}
 D - a scroll of fear {unknown}
 I - a scroll of torment {unknown}
Potions
 d - 3 potions of magic {unknown}
 h - 3 potions of heal wounds {unknown}
 j - 3 potions of resistance {unknown}
 n - 4 potions of might {unknown}
 p - a potion of flight {unknown}
 q - a potion of mutation {unknown}
 s - a potion of ambrosia {unknown}
 u - a potion of degeneration {unknown}
 w - a potion of curing {unknown}
 z - a potion of haste {unknown}
 E - 2 potions of cancellation {unknown}
 F - a potion of berserk rage {unknown}


   Skills:
 + Level 2.5 Fighting
 - Level 1.3(2.0) Short Blades
 + Level 2.1(2.3) Long Blades
 + Level 4.6 Dodging
 - Level 4.8 Stealth
 + Level 5.3 Spellcasting
 * Level 7.0 Summonings
 * Level 3.5 Ice Magic
 + Level 1.3 Air Magic
 + Level 1.1 Invocations


You had 3 spell levels left.
You knew the following spells:

 Your Spells              Type           Power      Damage    Failure   Level
b - Summon Ice Beast      Ice/Summ       30%        N/A       11%         4
c - Call Canine Familiar  Summ           38%        N/A       1%          3
i - Call Imp              Summ           38%        N/A       1%          2
l - Summon Lightning Spi  Summ/Air       25%        N/A       16%         4
s - Summon Small Mammal   Summ           100%       N/A       1%          1

Your spell library contained the following spells:

 Spells                   Type           Power      Damage    Failure   Level
 Summon Guardian Golem    Hex/Summ       22%        N/A       6%          3
 Animate Skeleton         Necr           12%        N/A       9%          1
 Corona                   Hex            6%         N/A       9%          1
 Pain                     Necr           24%        1d5       9%          1
 Slow                     Hex            6%         N/A       14%         2
 Inner Flame              Hex/Fire       6%         N/A       26%         3
 Portal Projectile        Hex/Tloc       12%        N/A       26%         3
 Vampiric Draining        Necr           3%         2d6       26%         3
 Animate Dead             Necr           3%         N/A       65%         4
 Cause Fear               Hex            3%         N/A       65%         4
 Leda's Liquefaction      Hex/Erth       3%         N/A       65%         4
 Agony                    Necr           6%         N/A       94%         5


Dungeon Overview and Level Annotations

Branches:
Dungeon (6/15)             Temple (1/1) D:6

Altars:
Ashenzari
Cheibriados
Dithmenos
Elyvilon
Gozag
Hepliaklqana
Makhleb
Nemelex Xobeh
Okawaru
Qazlal
Ru
Trog
Uskayaw
Vehumet
Xom
Yredelemnul
The Shining One

Shops:
D:5 (


Message History

What are your orders? t - Shout!
Orders for allies: a - Attack new target. r - Retreat! s - Stop attacking. g - Guard the area. f - Follow me.
Anything else - Cancel.
Gang up on whom?
Press: ? - help, Dir - move target, f - orc priest
Aim: an orc priest, wielding a +0 hand axe (ally target) Attack!
The orc priest mumbles some strange prayers to Beogh against you.
Beogh smites you!
The orc priest barely misses your crimson imp.
Your crimson imp hits the orc priest.
The orc priest closely misses your crimson imp.
A necrophage comes into view.
Your crimson imp hits the orc priest but does no damage.
The orc priest calls down the wrath of Beogh upon you.
Beogh smites you!
Your crimson imp completely misses the orc priest.
The orc priest hits your crimson imp with a +0 hand axe!
Your crimson imp hits the orc priest.
The orc priest completely misses your crimson imp.
Your crimson imp misses the orc priest.
The orc priest hits your crimson imp with a +0 hand axe.
Your crimson imp hits the orc priest.
The orc priest closely misses your crimson imp.
Your crimson imp hits the orc priest but does no damage.
The orc priest calls down the wrath of Beogh upon you.
Beogh smites you!
* * * LOW HITPOINT WARNING * * *
You swap places.
Your crimson imp hits the orc priest.
The orc priest hits your crimson imp with a +0 hand axe.
You swap places.
Something completely misses your crimson imp.
Your white imp disappears in a puff of smoke!
Your crimson imp blinks!
The orc priest calls down the wrath of Beogh upon you.
Beogh smites you!
You die...

.......)...#.............# #..
#######.))..o...#######...##..
...###).§..###... ##......
≈≈...##..Y##...≈≈ ..####
≈§≈...........≈≈≈ ).#
≈§...##..h##...≈≈ ..#
...###...§.###... ..#
####......§..##### ..#
.........@.......
.................
#################


You could see an orc priest (ally target), a friendly ice beast (summoned) and a
friendly hound (summoned).

Vanquished Creatures
  A scorpion (D:5)
  A jelly (D:6)
  2 orc wizards
  2 gnolls (D:3)
  A howler monkey skeleton (D:6)
  2 adders
  A worm (D:2)
  5 orcs
  2 ball pythons
  A bat (D:1)
  2 endoplasms
  A hobgoblin (D:2)
  3 jackals
  A kobold (D:1)
  A rat (D:2)
26 creatures vanquished.

Vanquished Creatures (collateral kills)
  Pikel (D:5)
  Edmund (D:5)
  An orc warrior (D:6)
  2 black bears (D:5)
  An ice beast (D:4)
  2 ogres (D:5)
  A phantom (D:4)
  A scorpion (D:5)
  A howler monkey (D:5)
  3 hounds (D:6)
  2 jellies
  Crazy Yiuf (D:4)
  2 gnoll shamans (D:6)
  2 orc wizards
  An iguana (D:6)
  A killer bee zombie (D:6)
  16 gnolls
  A howler monkey skeleton (D:4)
  9 adders
  2 shadow imps
  A white imp (D:6)
  An ufetubus (D:4)
  An adder skeleton (D:4)
  A worm (D:2)
  2 dart slugs (D:1)
  9 orcs
  4 ball pythons
  12 endoplasms
  2 giant cockroaches
  9 goblins
  4 hobgoblins
  3 jackals
  4 kobolds
  5 quokkas
  7 bats
  5 frilled lizards
  A quokka skeleton (D:4)
  3 rats
125 creatures vanquished.

Grand Total: 151 creatures vanquished

Notes
Turn   | Place    | Note
-------+----------+-------------------------------------------
     0 | D:1      | LordDeathwing the Deep Elf Summoner began the quest for the
                  | Orb.
     0 | D:1      | Reached XP level 1. HP: 10/10 MP: 6/6
   221 | D:1      | Reached XP level 2. HP: 15/15 MP: 2/8
   225 | D:1      | Learned a level 2 spell: Call Imp
   708 | D:1      | Found a faded altar of an unknown god.
  1689 | D:2      | Reached XP level 3. HP: 19/19 MP: 9/9
  1693 | D:2      | Learned a level 3 spell: Call Canine Familiar
  1980 | D:2      | Reached XP level 4. HP: 10/24 MP: 9/11
  1985 | D:2      | Learned a level 4 spell: Summon Ice Beast
  2244 | D:2      | Reached skill level 5 in Summonings
  2952 | D:3      | Reached skill level 1 in Short Blades
  3007 | D:3      | Reached skill level 1 in Fighting
  3686 | D:3      | Reached XP level 5. HP: 8/29 MP: 6/12
  3989 | D:3      | Found a glowing golden altar of the Shining One.
  3995 | D:3      | Found a broken altar of Ashenzari.
  4652 | D:4      | Identified the +6 long sword of a Hundred Leylines {flame,
                  | rC+}
  4799 | D:4      | Reached skill level 1 in Ice Magic
  4926 | D:4      | Found a runed translucent door.
  4927 | D:4      | Noticed Crazy Yiuf
  4939 | D:4      | Killed Crazy Yiuf
  5185 | D:4      | Noticed a phantom
  5199 | D:4      | Killed a phantom
  5404 | D:4      | Reached XP level 6. HP: 34/34 MP: 7/14
  5685 | D:4      | Noticed an ice beast
  5701 | D:4      | Killed an ice beast
  6006 | D:5      | Entered Level 5 of the Dungeon
  6009 | D:5      | Found Kaeghiuga's Antique Weapon Emporium.
  6173 | D:5      | Noticed Pikel
  6192 | D:5      | Killed Pikel
  6193 | D:5      | Reached skill level 1 in Long Blades
  6193 | D:5      | Reached skill level 6 in Summonings
  6193 | D:5      | Reached XP level 7. HP: 40/40 MP: 3/15
  6198 | D:5      | Learned a level 4 spell: Summon Lightning Spire
  7152 | D:5      | Reached skill level 5 in Spellcasting
  7693 | D:6      | Found a staircase to the Ecumenical Temple.
  7737 | Temple   | Entered the Ecumenical Temple
  8100 | Temple   | Became a worshipper of Qazlal Stormbringer
  8256 | D:6      | Reached skill level 1 in Air Magic
  8333 | D:6      | Reached XP level 8. HP: 44/45 MP: 11/17
  8632 | D:6      | Noticed Edmund
  8848 | D:5      | Killed Edmund
  8849 | D:5      | Reached skill level 1 in Invocations
  9149 | D:6      | Reached skill level 7 in Summonings
  9215 | D:6      | Killed from afar by an orc priest

Illustrated notes

Levels and vault maps discovered:
D:1:      amcnicky_arrival_wind_blow, layout_basic, basic_ecumenical_altar
D:2:      layout_basic, st_stairs_9
D:3:      layout_loops_cross, minitemple
D:4:      layout_basic, minivault_19, uniq_crazy_yiuf_cottage
D:5:      layout_layer_cave, serial_shops, shop, uniq_pikel
D:6:      layout_loops_ring, minmay_temple_entry_tees, minmay_fire_ice_demons,
          uniq_edmund
Temple:   regret_index_temple_waves

Skill      XL: |  1  2  3  4  5  6  7  8 |
---------------+-------------------------+-----
Stealth        | 3 4 |  4.8
Dodging        | 3 4 |  4.6
Summonings     | 5 6 7 |  7.0
Short Blades   | 1 |  1.3
Fighting       | 1 2 |  2.5
Ice Magic      | 1 2 3 |  3.5
Spellcasting   | 4 5 |  5.3
Long Blades    | 1 2 |  2.1
Air Magic      | 1 |  1.3
Invocations    | 1 |  1.1

Action                   |  1- 3 |  4- 6 |  7- 9 || total
-------------------------+-------+-------+-------++-------
Melee: Unarmed           |     2 |       |       ||     2
       Dagger            |    21 |    27 |       ||    48
       Long sword        |       |     8 |    16 ||    24
 Cast: Summon Small Mamm |    15 |       |       ||    15
       Call Imp          |    32 |    65 |    49 ||   146
       Call Canine Famil |     3 |    13 |    12 ||    28
       Summon Ice Beast  |       |       |     8 ||     8
 Stab: Distracted        |     1 |     1 |     1 ||     3
       Sleeping          |       |     1 |     1 ||     2
Armor: Robe              |    11 |     4 |     3 ||    18
Dodge: Dodged            |    50 |    43 |    35 ||   128
       Rpst.: Long sword |       |     4 |     7 ||    11

Table legend: (Time is in decaauts)
 A = Elapsed time spent in this place.
 B = Non-inter-level travel time spent in this place.
 C = Inter-level travel time spent in this place.
 D = Time resting spent in this place.
 E = Time spent auto-exploring this place.
 F = Levels seen in this place.
 G = Mean time per level.
                   A        B        C        D        E       F      G
               +--------+--------+--------+--------+--------+-----+--------+
         Total |   9226 |   9113 |    113 |    896 |   6314 |   7 | 1318.0 |
       Dungeon |   8850 |   8737 |    113 |    896 |   6103 |   6 | 1475.0 |
        Temple |    376 |    376 |      0 |      0 |    211 |   1 |  376.0 |
               +--------+--------+--------+--------+--------+-----+--------+

Top non-repeatable levels by time:
     D:5: 1805 daAuts
     D:3: 1729 daAuts
     D:1: 1613 daAuts
     D:4: 1369 daAuts
     D:2: 1298 daAuts
     D:6: 1033 daAuts
  Temple: 376 daAuts
